 Dungeon Crawl Stone Soup version 0.25.1-2-g60ff931df9 (webtiles) character file.

Game seed: 1187187813007704750

150 Curus the Slasher (level 5, 0/45 HPs)
             Began as a Minotaur Monk on Aug 29, 2020.
             Was a Believer of Makhleb.
             Slain by an orc
             ... wielding a +0 mace
              (4 damage)
             ... on level 4 of the Dungeon.
             The game lasted 00:15:47 (2302 turns).

Curus the Slasher (Minotaur Monk)                   Turns: 2302, Time: 00:15:48

Health: 0/45       AC:  5    Str: 14 (15) XL:     5   Next: 10%
Magic:  4/4        EV: 11    Int: 11 (13) God:    Makhleb [**....]
Gold:   190        SH:  0    Dex: 12      Spells: 4/4 levels left

rFire    . . .     SeeInvis .   a - +0 falchion
rCold    . . .     Gourm    .   (no shield)
rNeg     . . .     Faith    .   d - +0 ring mail
rPois    .         Spirit   .   (helmet restricted)
rElec    +         Reflect  .   (no cloak)
rCorr    .         Harm     .   (no gloves)
MR       .....                  (no boots)
Stlth    +.........             e - amulet of regeneration
HPRegen  0.55/turn              l - +6 ring of intelligence
MPRegen  0.09/turn              (no ring)

@: lethally poisoned (0 -> 0)
A: retaliatory headbutt, horns 2, clumsy 1, electricity resistance
a: Minor Destruction, Renounce Religion


You were on level 4 of the Dungeon.
You worshipped Makhleb.
Makhleb was pleased with you.
You were hungry.

You visited 2 branches of the dungeon, and saw 6 of its levels.

You collected 190 gold pieces.

Inventory:

Hand Weapons
 a - a +0 falchion (weapon)
Armour
 b - a +0 robe
 d - a +0 ring mail (worn)
Jewellery
 e - an amulet of regeneration (around neck)
 l - a +6 ring of intelligence (left hand)
Wands
 g - a wand of acid (10)
 i - a wand of paralysis (12)
Scrolls
 f - 2 scrolls of identify
 k - 2 scrolls of remove curse
Potions
 j - a potion of haste
Comestibles
 c - 8 rations
 h - 7 chunks of flesh


   Skills:
 - Level 3.6 Fighting
 + Level 7.0 Long Blades
 - Level 3.2 Dodging
 - Level 1.5 Stealth


You had 4 spell levels left.
You didn't know any spells.
Your spell library was empty.

Dungeon Overview and Level Annotations

Branches:
Dungeon (5/15)             Temple (1/1) D:4

Altars:
Dithmenos
Makhleb
Ru
Trog
Yredelemnul

Annotations:
D:3 2 transporters


Innate Abilities, Weirdness & Mutations

You reflexively headbutt those who attack you in melee.
You have a pair of horns on your head.
You are clumsy. (Dex -2)
You are resistant to electric shocks. (rElec)


Message History

* * * LOW HITPOINT WARNING * * *
You are poisoned.
The orc priest hits you but does no damage.
You hit the orc priest.
You kill the orc priest!
Makhleb accepts your kill.
You feel your intelligence returning.
You feel your dexterity returning.
Your Long Blades skill increases to level 7!
You have reached level 5!
You feel sick. The orc hits you but does no damage.
The orc priest hits you but does no damage.
You closely miss the orc priest. You headbutt the orc priest.
The orc priest is lightly wounded.
The orc hits you with a +0 mace.
* * * LOW HITPOINT WARNING * * *
The orc priest barely misses you.
You closely miss the orc priest. You headbutt the orc priest.
The orc priest is heavily wounded.
You feel sick. The orc hits you with a +0 mace.
You die...

..........###..#####.
.........<...........
.........รท..........
#........(........#
##..........W.....#
##.............####
#........#.......###
#.............)o...##.
#..............@o.o....
#.......#.....###...##.
#.............# ###
#.....##....^.# ##..##
##.....# ##. #.....# #
####..#


You could see a phantom, an orc priest and 2 orcs.

Vanquished Creatures
  An orc priest (D:4)
  4 adders
  An ooze (D:1)
  3 worms
  A dart slug (D:1)
  2 leopard geckos
  An orc (D:4)
  A ball python (D:2)
  9 giant cockroaches
  7 goblins
  5 hobgoblins
  4 jackals (D:2)
  5 kobolds
  2 quokkas
  7 bats
  2 frilled lizards
  9 rats
64 creatures vanquished.

Notes
Turn   | Place    | Note
-------+----------+-------------------------------------------
     0 | D:1      | Curus the Minotaur Monk began the quest for the Orb.
     0 | D:1      | Reached XP level 1. HP: 19/19 MP: 0/0
   259 | D:1      | Reached skill level 4 in Long Blades
   285 | D:1      | Gained mutation: You are resistant to electric shocks.
                  | (rElec) [potion of mutation]
   285 | D:1      | Gained mutation: You are clumsy. (Dex -2) [potion of
                  | mutation]
   285 | D:1      | Gained mutation: Your spells are a little easier to cast,
                  | but a little less powerful. [potion of mutation]
   285 | D:1      | Lost mutation: Your spells are a little easier to cast, but
                  | a little less powerful. [potion of mutation]
   300 | D:1      | Reached XP level 2. HP: 26/26 MP: 1/1
   572 | D:1      | Reached skill level 5 in Long Blades
   849 | D:2      | Found a faded altar of an unknown god.
   860 | D:2      | Reached XP level 3. HP: 24/31 MP: 2/2
  1282 | D:2      | Reached skill level 6 in Long Blades
  1282 | D:2      | Reached XP level 4. HP: 35/39 MP: 3/3
  1525 | D:3      | Found a transporter.
  1697 | D:3      | Found a transporter.
  2133 | D:4      | Noticed a phantom
  2133 | D:4      | You fall into a shaft and drop 1 floor!
  2133 | D:5      | Entered Level 5 of the Dungeon
  2173 | D:4      | Found a staircase to the Ecumenical Temple.
  2197 | Temple   | Entered the Ecumenical Temple
  2201 | Temple   | Became a worshipper of Makhleb the Destroyer
  2201 | Temple   | Reached * piety under Makhleb
  2201 | Temple   | Reached ** piety under Makhleb
  2300 | D:4      | Reached skill level 7 in Long Blades
  2300 | D:4      | Reached XP level 5. HP: 7/45 MP: 4/4
  2302 | D:4      | Slain by an orc

Illustrated notes

Levels and vault maps discovered:
D:1:      kennysheep_arrival_seaside, layout_loops_ring
D:2:      layout_basic, chequers_ecumenical_altar_simple, first_ration,
          minmay_tripent
D:3:      gammafunk_wand_slinger, layout_basic
D:4:      layout_rooms, amethyst_overflow_temple_binary, kennysheep_mini,
          temple_fountains, uniq_edmund
D:5:      layout_layer_cave, lemuel_doored_altar
Temple:   compressed_dpeg_circular_temple

Skill      XL: |  1  2  3  4 |
---------------+-------------+-----
Long Blades    | 4 5 6 7 |  7.0
Fighting       | |  3.6
Dodging        | |  3.2
Stealth        | |  1.5

Action                   |  1- 3 |  4- 6 || total
-------------------------+-------+-------++-------
Melee: Falchion          |    97 |    80 ||   177
       Headbutt          |    16 |    14 ||    30
  Use: Potion            |     4 |     3 ||     7
       Scroll            |     4 |     1 ||     5
  Eat: Chunk             |     1 |     3 ||     4
Armor: Ring mail         |    33 |    19 ||    52
       Robe              |     1 |       ||     1
Dodge: Dodged            |    52 |    33 ||    85
       Rpst.: Falchion   |    11 |     9 ||    20
